 Dungeon Crawl Stone Soup version 0.16.2-12-gd0ad4c3 (webtiles) character file.

21 Edwards80 the Gusty (level 2, 0/15 HPs)
             Began as a Deep Elf Air Elementalist on Sept 11, 2015.
             Succumbed to an adder's poison
             ... on level 2 of the Dungeon.
             The game lasted 00:06:08 (1009 turns).

Edwards80 the Gusty (Deep Elf Air Elementalist)     Turns: 1009, Time: 00:06:08

Health: 0/15       AC:  2    Str:  5    XL:     2   Next: 65%
Magic:  0/8        EV: 13    Int: 19    God:
Gold:   42         SH:  0    Dex: 15    Spells: 3 memorised, 3 levels left

rFire  . . .     SeeInvis .     h - +0 dagger (holy)
rCold  . . .     Clarity  .     a - +0 robe
rNeg   . . .     SustAb   .     (no shield)
rPois  .         Gourm    .     (no helmet)
rElec  .         Spirit   .     (no cloak)
rCorr  .         Warding  .     (no gloves)
rMut   .         Stasis   .     (no boots)
MR     .....                    (no amulet)
Stlth  ++........               (no ring)
                                (no ring)

@: lethally poisoned (0 -> -9), about to teleport, very slightly contaminated,
not resistant to hostile enchantments, unstealthy
A: no striking features
a: no special abilities


You were on level 2 of the Dungeon.
You were not hungry.

You visited 1 branch of the dungeon, and saw 2 of its levels.

You collected 42 gold pieces.

Inventory:

Hand weapons
 h - a +0 dagger of holy wrath (weapon)
Armour
 a - a +0 robe (worn)
Jewellery
 j - an uncursed ring of fire {unknown}
Scrolls
 d - a scroll of amnesia
 i - a scroll of remove curse {unknown}
 k - a scroll of immolation {unknown}
Books
 b - a book of Air

   Spells                             Type                      Level
   a - Shock                          Conjuration/Air              1
   b - Swiftness                      Charms/Air                   2
   c - Repel Missiles                 Charms/Air                   2
   d - Flight                         Charms/Air                   3
   e - Static Discharge               Conjuration/Air              3
   f - Lightning Bolt                 Conjuration/Air              5
Comestibles
 c - a bread ration


   Skills:
 + Level 2.6 Dodging
 + Level 2.5 Stealth
 + Level 3.5 Spellcasting
 + Level 1.2 Conjurations
 + Level 3.5 Air Magic


You had 3 spell levels left.
You knew the following spells:

 Your Spells              Type           Power        Failure   Level  Hunger
a - Shock                 Conj/Air       ##..         8%          1    None
b - Swiftness             Chrm/Air       ##......     12%         2    ##.....
c - Repel Missiles        Chrm/Air       ##....       12%         2    ##.....


Dungeon Overview and Level Annotations

Branches:
Dungeon (2/15)

Altars:


Message History

Aiming: Shock
Press: ? - help, Shift-Dir - straight line, f/p - adder
Aim: an adder (heavily wounded)
The zap hits the adder.
The adder is severely wounded.
* * * LOW HITPOINT WARNING * * *
You feel sick. The adder closely misses you. The adder closely misses you.
You miss the adder.
The adder is severely wounded.
The adder barely misses you.
Read which item? (? for menu, Esc to quit)
As you read the scroll labeled KOUBLO POAZ, it crumbles to dust.
You feel aware of your surroundings.
You sensed 1 altar.
It was a scroll of magic mapping.
* * * LOW HITPOINT WARNING * * *
You feel sick. The adder closely misses you.
Read which item? (? for menu, Esc to quit)
As you read the scroll labeled QIJ IDUIFOIKK, it crumbles to dust.
You feel strangely unstable.
It was a scroll of teleportation.
You die...

*,* *,* ###*,***********,* ***
##########..,,,,,**,,,,,,,* * ,,*
#.......##.#*,**,**,****,,* *
,,**#.#####<##.#*,,,,,,,,,,,,,***
,,,,.....##.##.#****,*,,*,**,,,,,
,,***,*#.......#####.#,,,,,,*,***
,,* *,*####.#........#,**,,,,,* *
,,* *,,.........@#####,*,,,*,** *
,,* ****##.#####S#* *,,,,,,,* ***
#.* #..# ***,,,*** * ,,*******#.*
#..#* *,,,****** *,,,,,,,,#.*
#...* *,,,*,,,,,
*,,,,,,,,*.****#.#.#****,,,,,,,,,
,,,,,,,,,*,,,,,..#<.,,,,,,,,,,,,,
,,,,,,,,,****,*......,,,,,,,,,,,,
,,,,,,,,,* *,*..#,,,,,,,,,,,,,,,


You could see an adder.

Vanquished Creatures
  A giant gecko (D:1)
  A giant cockroach (D:1)
  4 goblins (D:1)
  3 hobgoblins (D:1)
  A kobold (D:1)
  5 bats (D:1)
  A giant newt (D:1)
  4 rats (D:1)
20 creatures vanquished.

Notes
Turn   | Place    | Note
--------------------------------------------------------------
     0 | D:1      | Edwards80, the Deep Elf Air Elementalist, began the quest for the Orb.
     0 | D:1      | Reached XP level 1. HP: 10/10 MP: 5/5
   198 | D:1      | Reached XP level 2. HP: 15/15 MP: 0/8
   202 | D:1      | Learned a level 2 spell: Swiftness
   205 | D:1      | Learned a level 2 spell: Repel Missiles
  1009 | D:2      | Succumbed to an adder's poison

Action                   || total
-------------------------++-------
Melee: Unarmed           ||     1
       Dagger            ||     4
 Cast: Shock             ||    42
  Use: Scroll            ||     3
